 Dungeon Sprint DCSS version 0.26.1-11-gd32895ea62 (webtiles) character file.

Game seed: 9777112789125853138

142 Zeld the Geomancer (level 5, -3/28 HPs)
             Began as a Gargoyle Earth Elementalist on June 6, 2021.
             Was an Initiate of Sif Muna.
             Slain by Sigmund
             ... wielding a +0 scythe
              (7 damage)
             ... in the Dungeon (Sprint I: "Red Sonja").
             The game lasted 00:01:06 (848 turns).

Zeld the Geomancer (Gargoyle Earth Elementalist)     Turns: 848, Time: 00:01:06

Health: -3/28      AC:  6    Str: 12    XL:     5   Next: 24%
Magic:  9/12       EV: 13    Int: 16    God:    Sif Muna [......]
Gold:   108        SH:  0    Dex: 10    Spells: 3/13 levels left

rFire    . . .     SeeInvis .   (no weapon)
rCold    . . .     Faith    .   (no shield)
rNeg     + . .     Spirit   .   c - +0 robe
rPois    ∞         Reflect  .   (no helmet)
rElec    +         Harm     .   (no cloak)
rCorr    .         Rampage  .   (no gloves)
Will     .....     NoTele   +   (no boots)
Stlth    ++........             (no amulet)
HPRegen  0.09/turn              (no ring)
MPRegen  0.13/turn              (no ring)

@: no status effects
A: negative energy resistance 1, electricity resistance, unbreathing,
petrification resistance, miasma immunity, AC +4
a: Renounce Religion


You were in the Dungeon.
You worshipped Sif Muna.
Sif Muna was noncommittal.
You visited 1 branch You collected 108 gold pieces.

Inventory:

Missiles
 b - 20 stones
Armour
 c - a +0 robe (worn)
Scrolls
 i - a scroll of blinking
Potions
 d - a potion of curing
 e - a potion of heal wounds
 f - a potion of haste
 g - 2 potions of magic


   Skills:
 + Level 4.4 Dodging
 - Level 2.1 Stealth
 + Level 4.9 Spellcasting
 - Level 0.7 Transmutations
 * Level 9.3 Earth Magic


You had 3 spell levels left.
You knew the following spells:

 Your Spells              Type           Power        Failure   Level
a - Sandblast             Erth           66%          1%          1
b - Passwall              Tmut/Erth      16%          3%          2
c - Stone Arrow           Conj/Erth      36%          7%          3
d - Petrify               Tmut/Erth      20%          19%         4

Your spell library contained the following spells:

 Spells                   Type           Power        Failure   Level
 Lee's Rapid Deconstruct  Erth           16%          10%         5


Dungeon Overview and Level Annotations

Branches:
Dungeon (1/1)

Altars:
Cheibriados
Dithmenos
Elyvilon
Fedhas
Gozag
Hepliaklqana
Kikubaaqudgha
Makhleb
Nemelex Xobeh
Okawaru
Qazlal
Ru
Sif Muna
Trog
Uskayaw
Vehumet
Wu Jian
Xom
Yredelemnul
Zin
The Shining One

Shops:
D =

Annotations:
D Sigmund, Sonja


Innate Abilities, Weirdness & Mutations

You are resistant to torment.
Your stone body is resilient. (AC +4)
You are immune to poison.
You resist negative energy. (rN+)
You are resistant to electric shocks. (rElec)
You can survive without breathing.
You are immune to petrification.
You are immune to miasma.


Message History

There is an open door here.
You bump into the rock wall.
Sigmund hits you from afar with a +0 scythe!
* * * LOW HITPOINT WARNING * * *
Unknown command.
You bump into the rock wall.
You feel less confused.
You are no longer corroded.
Sonja gestures wildly while chanting.
Sonja blinks!
Sigmund closely misses you.
Unknown command.
Casting: Sandblast (safe; 1% risk of failure)
Confirm with . or Enter, or press ? or * to list all spells.
Aiming: Passwall (safe; 3% risk of failure)
Press: ? - help, Dir - move target A rock wall.
You begin to meditate on the wall.
You continue meditating on the rock.
Sigmund barely misses you.
You continue meditating on the rock.
Sigmund hits you from afar with a +0 scythe!
You die...

################
#<.#..'..#..'..#
#..[..#..'..#..+^.'..#
#..#####'#####'#__####
#.)####..#.@$#)####.§#
#..#__####..##(#§§§.c#
#..#_____##@#_.+≈≈≈§
#⌠⌠#_.∩...K(((_#≈§≈.c#
####_..__##_.#'##§####
#..#_____###'#)# [§
########## #.### ##
$.$ $.$#


You could see Sigmund and Sonja.

Vanquished Creatures
  An ogre (D)
  A jelly (D)
  Ijyb (D)
3 creatures vanquished.

Notes
Turn   | Place    | Note
-------+----------+-------------------------------------------
     0 | D        | Zeld the Gargoyle Earth Elementalist began the quest for
                  | the Orb.
     0 | D        | Reached XP level 1. HP: 10/10 MP: 3/3
     5 | D        | Noticed Ijyb
    24 | D        | Killed Ijyb
    25 | D        | Reached skill level 6 in Earth Magic
    25 | D        | Reached XP level 2. HP: 15/15 MP: 0/6
    25 | D        | Reached XP level 3. HP: 19/19 MP: 0/7
   229 | D        | Learned a level 2 spell: Passwall
   233 | D        | Learned a level 3 spell: Stone Arrow
   238 | D        | Noticed an ogre
   246 | D        | Killed an ogre
   247 | D        | Reached skill level 8 in Earth Magic
   247 | D        | Reached XP level 4. HP: 24/24 MP: 4/10
   252 | D        | Learned a level 4 spell: Petrify
   347 | D        | Noticed Sigmund
   548 | D        | Found an ancient bone altar of Kikubaaqudgha.
   548 | D        | Found Papt's Jewellery Emporium.
   548 | D        | Found a basalt altar of Yredelemnul.
   548 | D        | Found a glowing golden altar of the Shining One.
   548 | D        | Found an iron altar of Okawaru.
   548 | D        | Found a bloodstained altar of Trog.
   548 | D        | Found a hide-covered altar of Uskayaw.
   548 | D        | Found a blossoming altar of Fedhas.
   548 | D        | Found a hazy altar of Hepliaklqana.
   548 | D        | Found a stormy altar of Qazlal.
   548 | D        | Found a shadowy altar of Dithmenos.
   548 | D        | Found a white marble altar of Elyvilon.
   548 | D        | Found a sacrificial altar of Ru.
   548 | D        | Found a glowing silver altar of Zin.
   548 | D        | Found a snail-covered altar of Cheibriados.
   548 | D        | Found an opulent altar of Gozag.
   548 | D        | Found a sparkling altar of Nemelex Xobeh.
   548 | D        | Noticed a yak
   818 | D        | Found a burning altar of Makhleb.
   818 | D        | Found a shimmering altar of Xom.
   818 | D        | Noticed a slime creature
   819 | D        | Found a shimmering blue altar of Sif Muna.
   820 | D        | Found an ornate altar of the Wu Jian Council.
   824 | D        | Found a radiant altar of Vehumet.
   827 | D        | Noticed a centaur warrior
   827 | D        | Noticed a centaur warrior
   833 | D        | Reached skill level 9 in Earth Magic
   833 | D        | Reached XP level 5. HP: 23/28 MP: 10/12
   833 | D        | Became a worshipper of Sif Muna the Loreminder
   834 | D        | Noticed Sonja
   848 | D        | Slain by Sigmund

Illustrated notes

Levels and vault maps discovered:
D:        dungeon_sprint_1 [red_sonja_temple_1, red_sonja_temple_small_1]

Skill      XL: |  1  2  3  4 |
---------------+-------------+-----
Dodging        | 2 4 |  4.4
Spellcasting   | 3 4 |  4.9
Earth Magic    | 6 8 9 |  9.3
Stealth        | |  2.1
Transmutations | |  0.7

Action                   |  1- 3 |  4- 6 || total
-------------------------+-------+-------++-------
Melee: Unarmed           |    11 |     3 ||    14
 Cast: Sandblast         |     6 |     4 ||    10
       Passwall          |       |     5 ||     5
  Use: Potion            |     1 |       ||     1
Armor: Robe              |     3 |     3 ||     6
Dodge: Dodged            |     5 |     6 ||    11
